 Dungeon Crawl Stone Soup version 0.19.0-24-gb05acd6 (webtiles) character file.

74 Firecrotchwizard the Skirmisher (level 4, -5/45 HPs)
             Began as a Troll Fighter on Nov 21, 2016.
             Slain by a gnoll
             ... wielding a +0 whip
              (6 damage)
             ... on level 2 of the Dungeon.
             The game lasted 00:04:18 (1389 turns).

Firecrotchwizard the Skirmisher (Troll Fighter)     Turns: 1389, Time: 00:04:18

Health: -5/45      AC:  5    Str: 24    XL:     4   Next: 9%
Magic:  3/3        EV:  8    Int:  4    God:
Gold:   46         SH:  8    Dex: 10    Spells: 0 memorised, 3 levels left

rFire  . . .     SeeInvis .     a - +0 flail
rCold  . . .     Gourm    +     b - +0 robe
rNeg   . . .     Faith    .     c - +0 shield
rPois  .         Spirit   .     (helmet restricted)
rElec  .         Reflect  .     (no cloak)
rCorr  .         Harm     .     (gloves unavailable)
MR     .....                    (boots unavailable)
Stlth  +.........               q - amulet of rage
                                (no ring)
                                (no ring)

@: no status effects
A: unfitting armour, claws 3, fast metabolism 3, gourmand, regeneration 1,
shaggy fur 1, tough skin 2
a: Evoke Berserk Rage


You were on level 2 of the Dungeon.
You were full.

You visited 1 branch of the dungeon, and saw 2 of its levels.

You collected 46 gold pieces.

Inventory:

Hand Weapons
 a - a +0 flail (weapon)
 r - a +0 lajatang
Missiles
 i - 5 tomahawks (quivered)
Armour
 b - a +0 robe (worn)
 c - a +0 shield (worn)
Jewellery
 q - an amulet of rage (around neck)
Scrolls
 h - a scroll of noise {unknown}
 j - 3 scrolls of remove curse {unknown}
 k - a scroll of teleportation {unknown}
 m - a scroll of identify {unknown}
 n - a scroll of magic mapping {unknown}
 p - a scroll of random uselessness {unknown}
 t - a scroll of fog {unknown}
Potions
 d - a potion of might
 e - 2 potions of magic {unknown}
 g - a potion of heal wounds {unknown}
Comestibles
 f - 2 bread rations
 l - 2 meat rations
 o - 3 fruits
 s - a beef jerky


   Skills:
 * Level 3.1 Fighting
 * Level 2.8 Maces & Flails
 + Level 2.7 Dodging
 + Level 2.6 Shields


You had 3 spell levels left.
You didn't know any spells.

Dungeon Overview and Level Annotations

Branches:
Dungeon (2/15)

Altars:
Okawaru
Uskayaw
Yredelemnul


Innate Abilities, Weirdness & Mutations

You are too large for most types of armour.
You have claws for hands.
Your metabolism is lightning-fast.
You like to eat raw meat.
Your natural rate of healing is unusually fast.
You are covered in fur. (AC +1)
You have very tough skin. (AC +2)


Message History

You barely miss the gnoll. The gnoll hits you with a whip.
The gnoll hits you from afar with a halberd!
You block the gnoll's attack.
You barely miss the gnoll. The gnoll closely misses you.
You block the gnoll's attack.
You hit the gnoll but do no damage. The gnoll hits you.
The gnoll hits you but does no damage. You block the gnoll's attack. x2
You barely miss the gnoll. The gnoll hits you with a whip.
You block the gnoll's attack. x2
You closely miss the gnoll. The gnoll hits you with a whip!
The gnoll hits you from afar with a halberd!
* * * LOW HITPOINT WARNING * * *
The gnoll closely misses you. You block the gnoll's attack.
You are too injured to fight recklessly!
You are too injured to fight recklessly!
You barely miss the gnoll.
The gnoll hits you from afar with a halberd.
* * * LOW HITPOINT WARNING * * *
You block the gnoll's attack. The gnoll hits you with a whip.
You die...

##### #...## #......#
#.#..########### #......#
#.>............. #......#
##.#.########...
#......########...######...#.
#...................#.....##.
#...........@###♣.§...#♣#)#♣♣
#..........gg###.P...#..#....
#...........g##P.P♣....P.P♣.P
#............#♣.♣≈.§.♣♣.♣#.P.
###.#........#..P.♣.♣♣.♣#'#P♣
#.#.........♣♣♣.♣♣..♣##.##♣
#.........#........♣.#)..#♣
#.#.......#.P..♣♣♣♣P.##.##♣
####.#.......#..♣♣.......#'#..


You could see 3 gnolls.

Vanquished Creatures
  An adder (D:2)
  2 gnolls (D:2)
  A worm (D:2)
  A dart slug (D:1)
  4 bats
  A giant cockroach (D:2)
  5 goblins
  5 hobgoblins
  5 quokkas (D:2)
  4 frilled lizards
  7 kobolds
  5 rats
41 creatures vanquished.

Vanquished Creatures (others)
  A plant (D:2)
1 creature vanquished.

Grand Total: 42 creatures vanquished

Notes
Turn   | Place    | Note
-------+----------+-------------------------------------------
     0 | D:1      | Firecrotchwizard the Troll Fighter began the quest for the Orb.
     0 | D:1      | Reached XP level 1. HP: 22/22 MP: 0/0
   165 | D:1      | Reached XP level 2. HP: 29/29 MP: 1/1
   795 | D:2      | Found a hide-covered altar of Uskayaw.
   912 | D:2      | Found an iron altar of Okawaru.
   914 | D:2      | Found a basalt altar of Yredelemnul.
   952 | D:2      | Reached XP level 3. HP: 36/36 MP: 2/2
  1033 | D:2      | Reached skill level 3 in Fighting
  1261 | D:2      | Reached XP level 4. HP: 18/45 MP: 3/3
  1389 | D:2      | HP: 1/45 [gnoll/halberd (6)]
  1389 | D:2      | Slain by a gnoll

Skill      XL: |  1  2  3 |
---------------+----------+-----
Maces & Flails | 2 |  2.8
Fighting       | 3 |  3.1
Dodging        | |  2.7
Shields        | |  2.6

Action                   |  1- 3 |  4- 6 || total
-------------------------+-------+-------++-------
Melee: Flail             |   141 |     9 ||   150
  Eat: Chunk             |    12 |     4 ||    16
Armor: Robe              |    42 |     1 ||    43
Dodge: Dodged            |    66 |     2 ||    68
Block: Shield            |    87 |    10 ||    97
